 Dungeon Crawl Stone Soup version 0.21.0 (console) character file.

46501 nht the Severer (level 14, -7/138 HPs)
             Began as a Minotaur Hunter on Jan 7, 2018.
             Was the Champion of Okawaru.
             Mangled by a death yak (18 damage)
             ... on level 6 of the Lair of Beasts.
             The game lasted 00:48:00 (21126 turns).

nht the Severer (Minotaur Hunter)                  Turns: 21126, Time: 00:48:01

Health: -7/138     AC: 16    Str: 22    XL:     14   Next: 5%
Magic:  19/20      EV: 14    Int:  8    God:    Okawaru [******]
Gold:   1269       SH:  0    Dex:  7    Spells: 13/13 levels left

rFire    + + .     SeeInvis .   a - +2 battleaxe (freeze)
rCold    + . .     Gourm    +   (shield currently unavailable)
rNeg     . . .     Faith    .   M - +4 ring mail {MR+}
rPois    +         Spirit   .   (helmet restricted)
rElec    .         Reflect  .   A - scarf {cloud immunity}
rCorr    .         Harm     .   g - +1 pair of gloves
MR       +++..                  Q - +2 pair of boots
Stlth    ++........             t - amulet of the gourmand
HPRegen  0.33/turn              q - ring of poison resistance
MPRegen  0.17/turn              D - ring of Ismidatu {+Blink +Fly rF++ MR+ Dex-4}

@: heroism
A: retaliatory headbutt, horns 2, cold resistance 1, robust 1
a: Heroism, Finesse, Renounce Religion, Evoke Blink, Evoke Flight


You were on level 6 of the Lair of Beasts.
You worshipped Okawaru.
Okawaru was exalted by your worship.
You were completely stuffed.

You visited 2 branches of the dungeon, and saw 18 of its levels.
You also visited: Labyrinth.

You collected 1269 gold pieces.

Inventory:

Hand Weapons
 a - a +2 battleaxe of freezing (weapon)
 b - a +1 hand crossbow
Missiles
 d - 222 bolts
Armour
 c - a scarf of spirit shield
 g - a +1 pair of gloves (worn)
 A - a scarf of cloud immunity (worn)
 M - a +4 ring mail of magic resistance (worn)
 Q - a +2 pair of boots (worn)
Jewellery
 q - a ring of poison resistance (left hand)
 t - an amulet of the gourmand (around neck)
 y - an uncursed ring of resist corrosion
 D - the ring of Ismidatu (right hand) {+Blink +Fly rF++ MR+ Dex-4}
   (You found it on level 1 of the Lair of Beasts)

   [ring of flight]

   It affects your dexterity (-4).
   It greatly protects you from fire.
   It affects your resistance to hostile enchantments.
   It lets you fly.
   It lets you blink.
 J - an uncursed ring of protection from magic
 S - an uncursed ring of see invisible
Wands
 i - a wand of random effects (7)
 m - a wand of acid (6)
 n - a wand of digging (44)
 v - a wand of paralysis (17)
 K - a wand of polymorph (45)
 U - a wand of enslavement (11)
 V - a wand of flame (29)
Scrolls
 h - 14 scrolls of teleportation
 j - 8 scrolls of identify
 o - 5 scrolls of blinking
 p - a scroll of fear
 r - 5 scrolls of remove curse
 w - a scroll of amnesia
 x - 6 scrolls of fog
 z - a scroll of enchant armour
 B - 5 scrolls of immolation
 H - a scroll of magic mapping
 L - a scroll of vulnerability
 T - 2 scrolls of enchant weapon
Potions
 e - 2 potions of mutation
 k - 4 potions of brilliance
 l - 7 potions of heal wounds
 s - 5 potions of curing
 u - a potion of cancellation
 E - 4 potions of haste
 I - a potion of magic {unknown}
 P - 2 potions of agility
 R - 3 potions of flight
 X - a potion of resistance
Miscellaneous
 F - a lightning rod (4/4)
 G - a crystal ball of energy
Comestibles
 f - 30 rations
 C - 12 chunks of flesh


   Skills:
 - Level 12.0(17.0) Fighting
 * Level 19.4(24.4) Axes
 - Level 10.0(15.0) Crossbows
 - Level 4.0(9.0) Armour
 - Level 5.0(10.0) Dodging
 - Level 0.7(5.7) Stealth
 - Level 10.0 Invocations
 - Level 2.0 Evocations


You had 13 spell levels left.
You didn't know any spells.

Dungeon Overview and Level Annotations

Branches:
Dungeon (12/15)            Temple (0/1) D:5            Lair (6/6) D:8
 Shoals (0/4) Lair:4       Spider (0/4) Lair:2        Slime (0/5) Lair:6
    Orc (0/2) D:12

Altars:
Ashenzari
Dithmenos
Elyvilon
Hepliaklqana
Makhleb
Nemelex Xobeh
Okawaru
Sif Muna
Uskayaw
Zin
Jiyva

Shops:
D:8 %

Annotations:
Lair:6 exclusion: oklob plant


Innate Abilities, Weirdness & Mutations

You reflexively headbutt those who attack you in melee.
You have a pair of horns on your head.
Your flesh is cold resistant. (rC+)
You are robust. (+10% HP)


Message History

You slash the death yak! You freeze the death yak. The death yak gores you!
You hit the death yak. You freeze the death yak.
You kill the death yak!
Okawaru accepts your kill.
You hit the death yak but do no damage. x2; The death yak barely misses you.
You barely miss the death yak. You headbutt the death yak.
The death yak is moderately wounded.
You hit the death yak but do no damage. You hit the death yak.
You freeze the death yak. The death yak gores you. The death yak gores you!!
* * * LOW HITPOINT WARNING * * *
You barely miss the death yak. You headbutt the death yak.
The death yak is heavily wounded.
You barely miss the death yak. You slash the death yak!
You freeze the death yak! The death yak gores you!!
* * * LOW HITPOINT WARNING * * *
The death yak misses you.
You are too injured to fight recklessly!
You are too injured to fight recklessly!
The death yak gores you!!
You die...

.█.... ≈≈......
....... ≈ █≈......
....... ≈≈██≈...$P
.......
≈≈≈≈≈....███
....... .........█
.. .....P. ......█
.......█...
█....███.█.......P█
█.†.....█..█.....██
█YYY............█
██@............P███
██..............█..
█..................
████...........P.██
███...P█.█..█ █
█......██.. ███
█...█.█.....█.P
██..P..█..<█.P.
█.............
█.............
██.............


You could see 3 death yaks.

Vanquished Creatures
  A minotaur (Lab)
  Harold (D:11)
  2 hydras
  A two-headed ogre (D:9)
  3 death yaks (Lair:6)
  Urug (Lair:3)
  The ghost of Skimidon the Cruncher, a novice GrGl of Okawaru (D:6)
  2 ugly things (D:12)
  4 oklob plants (Lair:3)
  A cyclops (D:11)
  A manticore (D:12)
  9 elephants
  4 black mambas
  Psyche (D:9)
  2 gargoyles
  13 spiny frogs
  4 rime drakes
  7 komodo dragons
  An efreet (D:10)
  3 trolls
  2 jumping spiders (Lair:2)
  A polar bear (Lair:3)
  A hornet (D:8)
  4 slime creatures (D:12)
  A snapping turtle (Lair:4)
  8 blink frogs
  5 hippogriffs
  2 redbacks (Lair:2)
  A vampire (D:11)
  A shadow (D:12)
  3 wraiths
  46 yaks
  3 wyverns
  3 basilisks
  Menkaure (D:5)
  2 hungry ghosts
  A steam dragon (Lair:6)
  4 wargs (D:10)
  2 soldier ants (D:8)
  5 swamp worms (Lair:1)
  12 water moccasins
  13 porcupines
  Duvessa (D:5)
  2 sky beasts
  An ice beast (D:5)
  An eye of draining (D:12)
  The ghost of kegs the Shield-Bearer, an amateur HOFi of Makhleb (D:3)
  2 black bears (D:8)
  2 phantoms
  A necrophage (D:9)
  3 orc warriors
  6 wolves (Lair:1)
  3 ogres
  5 centaurs
  13 crocodiles
  A big kobold (D:12)
  18 bullfrogs
  A wyvern skeleton (D:10)
  3 scorpions
  Dowan (D:5)
  4 killer bees (D:11)
  2 howler monkeys
  A vampire bat (Lair:5)
  4 electric eels
  2 lava snakes (D:12)
  5 crimson imps
  4 hounds
  2 quasits
  5 orc priests
  2 gnoll shamans
  3 jellies
  3 centaur skeletons
  2 bullfrog skeletons
  14 orc wizards
  A bullfrog zombie (D:12)
  4 iguanas
  8 worker ants
  Terence (D:2)
  A hound zombie (D:8)
  A hound skeleton (D:11)
  Robin (D:3)
  11 gnolls
  15 adders
  2 shadow imps
  23 worms
  7 dart slugs
  5 leopard geckos
  30 orcs
  13 bats
  6 giant cockroaches
  11 hobgoblins
  10 jackals
  13 kobolds
  A quokka (D:12)
  A ball python (D:3)
  A ball python zombie (D:6)
  4 frilled lizards
  A giant cockroach zombie (D:6)
  25 goblins
  6 rats
  4 fungi
  4 plants
511 creatures vanquished.

Vanquished Creatures (collateral kills)
  A hydra (Lair:3)
  An ugly thing (D:11)
  A fungus (Lair:5)
3 creatures vanquished.

Vanquished Creatures (others)
  11 fungi
  9 plants
20 creatures vanquished.

Grand Total: 534 creatures vanquished

Notes
Turn   | Place    | Note
-------+----------+-------------------------------------------
     0 | D:1      | nht the Minotaur Hunter began the quest for the Orb.
     0 | D:1      | Reached XP level 1. HP: 18/18 MP: 0/0
    47 | D:1      | Reached XP level 2. HP: 25/25 MP: 1/1
    50 | D:1      | Reached skill level 5 in Crossbows
   471 | D:2      | Reached XP level 3. HP: 28/30 MP: 2/2
   534 | D:2      | Found a burning altar of Makhleb.
   638 | D:2      | Reached XP level 4. HP: 27/37 MP: 3/3
   714 | D:2      | Noticed Terence
   727 | D:2      | Gained mutation: You are robust. (+10% HP) [potion of mutation]
   727 | D:2      | Gained mutation: Your flesh is cold resistant. (rC+) [potion of mutation]
   742 | D:2      | Killed Terence
  1255 | D:3      | Found a shattered altar of Ashenzari.
  1258 | D:3      | Reached XP level 5. HP: 46/46 MP: 4/4
  1291 | D:3      | Noticed kegs's ghost (amateur HOFi)
  1301 | D:3      | Killed kegs's ghost
  1301 | D:3      | Reached XP level 6. HP: 34/55 MP: 2/5
  1337 | D:3      | Noticed Robin
  1647 | D:3      | Killed Robin
  2351 | D:4      | Reached skill level 1 in Axes
  2393 | D:4      | Reached XP level 7. HP: 46/61 MP: 4/6
  2497 | D:4      | Reached skill level 2 in Axes
  2507 | D:4      | Reached skill level 3 in Axes
  2975 | D:5      | Entered Level 5 of the Dungeon
  3004 | D:5      | Found an iron altar of Okawaru.
  3016 | D:5      | Reached skill level 4 in Axes
  3021 | D:5      | Became a worshipper of Warmaster Okawaru
  3057 | D:5      | Reached skill level 5 in Axes
  3058 | D:5      | Found a sparkling altar of Nemelex Xobeh.
  3327 | D:5      | Reached skill level 6 in Axes
  3385 | D:5      | Noticed Duvessa
  3385 | D:5      | Noticed Dowan
  3397 | D:5      | Killed Dowan
  3397 | D:5      | Reached XP level 8. HP: 45/68 MP: 7/7
  3401 | D:5      | Killed Duvessa
  3401 | D:5      | Reached skill level 7 in Axes
  3675 | D:5      | Found a hazy altar of Hepliaklqana.
  3711 | D:5      | Noticed Menkaure
  3715 | D:5      | Killed Menkaure
  3715 | D:5      | Reached skill level 8 in Axes
  3736 | D:5      | Noticed Sigmund
  3741 | D:5      | Reached * piety under Okawaru
  3804 | D:5      | Noticed Sigmund
  3804 | D:5      | Sigmund changed into Sigmund the bullfrog
  3811 | D:5      | Killed Sigmund the bullfrog
  4063 | D:5      | Reached skill level 1 in Invocations
  4120 | D:5      | Found a staircase to the Ecumenical Temple.
  4300 | D:6      | Reached skill level 9 in Axes
  4533 | D:6      | Noticed Skimidon's ghost (novice GrGl)
  4544 | D:6      | Killed Skimidon's ghost
  4544 | D:6      | Reached ** piety under Okawaru
  4544 | D:6      | Reached XP level 9. HP: 61/79 MP: 0/10
  5637 | D:7      | Reached skill level 10 in Axes
  5672 | D:7      | Paralysed by a hornet for 2 turns
  5847 | D:7      | Reached skill level 5 in Fighting
  6136 | D:7      | Found a hide-covered altar of Uskayaw.
  6309 | D:6      | Noticed a rust devil
  6309 | D:6      | Noticed a rust devil
  6371 | D:8      | Found Uggakah's Food Emporium.
  6571 | D:8      | Noticed a gargoyle
  6579 | D:8      | Killed a gargoyle
  6579 | D:8      | Reached skill level 11 in Axes
  6621 | D:8      | Reached *** piety under Okawaru
  6944 | D:8      | Reached XP level 10. HP: 82/92 MP: 10/12
  6961 | D:8      | Found a staircase to the Lair.
  6993 | D:8      | Reached skill level 5 in Invocations
  6995 | D:8      | Paralysed by a hornet for 3 turns
  7000 | D:8      | Reached skill level 12 in Axes
  7038 | D:8      | HP: 6/138 [poisoned by a soldier ant]
  7043 | D:8      | HP: 4/138 [poisoned by a soldier ant]
  7049 | D:8      | HP: 3/138 [poisoned by a soldier ant]
  7055 | D:8      | HP: 3/138 [poisoned by a soldier ant]
  7063 | D:8      | HP: 2/92 [poisoned by a soldier ant]
  7505 | D:8      | Found a glowing silver altar of Zin.
  7505 | D:8      | Noticed an angel
  7790 | Lair:1   | Entered Level 1 of the Lair of Beasts
  8160 | Lair:1   | Noticed a four-headed hydra
  8397 | D:9      | Reached **** piety under Okawaru
  8496 | D:9      | Found a shadowy altar of Dithmenos.
  8652 | D:9      | Received a gift from Okawaru
  8866 | D:9      | Noticed Psyche
  8867 | D:9      | Noticed a two-headed ogre
  8876 | D:9      | Killed Psyche
  8882 | D:9      | Killed a two-headed ogre
  8882 | D:9      | Received a gift from Okawaru
  8882 | D:9      | Reached skill level 13 in Axes
  8976 | D:9      | Found a white marble altar of Elyvilon.
  8998 | D:9      | Found a deep blue altar of Sif Muna.
  9035 | D:10     | Entered Level 10 of the Dungeon
  9042 | D:10     | Noticed a gargoyle
  9052 | D:10     | Killed a gargoyle
  9113 | D:10     | Reached ***** piety under Okawaru
  9113 | D:10     | Reached XP level 11. HP: 26/103 MP: 4/15
  9818 | D:10     | Received a gift from Okawaru
  9819 | D:10     | Got a twisted glaive {god gift}
 10349 | D:10     | You fall through a shaft!
 10361 | D:11     | Reached skill level 14 in Axes
 10504 | D:11     | Found a labyrinth entrance.
 10517 | Lab      | Entered a labyrinth
 11323 | Lab      | Noticed a minotaur
 11332 | Lab      | Killed a minotaur
 11404 | D:11     | Noticed a purple ugly thing
 11412 | D:11     | Killed a white ugly thing
 11821 | D:11     | Noticed Harold
 11837 | D:11     | Killed Harold
 12638 | D:12     | Reached skill level 15 in Axes
 12643 | D:12     | Noticed a white ugly thing
 12653 | D:12     | Killed a white ugly thing
 12653 | D:12     | Reached skill level 10 in Fighting
 12689 | D:12     | HP: 7/162 [yak (6)]
 12835 | D:12     | Noticed a green ugly thing
 13084 | D:12     | Found a staircase to the Orcish Mines.
 13132 | D:12     | Received a gift from Okawaru
 13166 | D:12     | Killed a green ugly thing
 13169 | D:12     | Reached XP level 12. HP: 77/117 MP: 3/17
 13413 | D:12     | Received a gift from Okawaru
 13438 | D:12     | Reached skill level 16 in Axes
 13941 | Lair:1   | Received a gift from Okawaru
 13954 | Lair:1   | Reached skill level 1 in Armour
 14179 | Lair:1   | Killed a four-headed hydra
 14233 | Lair:1   | Received a gift from Okawaru
 14446 | Lair:1   | HP: 6/121 [swamp worm (13)]
 14446 | Lair:1   | HP: 2/121 [swamp worm (4)]
 14879 | Lair:1   | Got a crude turquoise ring
 14893 | Lair:1   | Identified the ring of Ismidatu {+Blink +Fly rF++ MR+ Dex-4} (You found it on level 1 of the Lair of Beasts)
 16015 | Lair:2   | Found a hole to the Spider Nest.
 16018 | Lair:2   | Received a gift from Okawaru
 16018 | Lair:2   | Reached skill level 1 in Evocations
 16616 | Lair:2   | Identified the +10 glaive "Goblinslayer" {elec, +Rage} (Okawaru gifted it to you on level 10 of the Dungeon)
 17178 | Lair:3   | Noticed Urug
 17185 | Lair:3   | Killed Urug
 17359 | Lair:3   | Reached XP level 13. HP: 97/127 MP: 14/19
 17562 | Lair:3   | Received a gift from Okawaru
 17716 | Lair:3   | Reached ****** piety under Okawaru
 17840 | Lair:3   | Reached skill level 10 in Crossbows
 17971 | Lair:3   | Received a gift from Okawaru
 18007 | Lair:3   | Reached skill level 17 in Axes
 18212 | Lair:4   | Reached skill level 5 in Dodging
 18251 | Lair:4   | Received a gift from Okawaru
 18546 | Lair:4   | Received a gift from Okawaru
 18546 | Lair:4   | Reached skill level 10 in Invocations
 18681 | Lair:4   | Found a staircase to the Shoals.
 19292 | Lair:5   | Received a gift from Okawaru
 19426 | Lair:5   | Reached skill level 18 in Axes
 20243 | Lair:6   | Entered Level 6 of the Lair of Beasts
 20332 | Lair:6   | Received a gift from Okawaru
 20678 | Lair:6   | Found a viscous altar of Jiyva.
 20678 | Lair:6   | Found a staircase to the Slime Pits.
 20707 | Lair:6   | Received a gift from Okawaru
 21021 | Lair:6   | Reached skill level 19 in Axes
 21119 | Lair:6   | Reached XP level 14. HP: 91/138 MP: 18/20
 21126 | Lair:6   | Mangled by a death yak

Skill      XL: |  1  2  3  4  5  6  7  8  9 10 11 12 13 |
---------------+----------------------------------------+-----
Crossbows      | 5 6 7 8 9 10 | 10.0
Axes           | 1 6 9 11 13 15 16 19 | 19.4
Fighting       | 4 6 8 10 11 12 | 12.0
Invocations    | 2 4 6 8 9 10 | 10.0
Armour         | 3 4 |  4.0
Dodging        | 4 5 |  5.0
Evocations     | 1 2 |  2.0
Stealth        | |  0.7

Action                   |  1- 3 |  4- 6 |  7- 9 | 10-12 | 13-15 || total
-------------------------+-------+-------+-------+-------+-------++-------
Melee: Short sword       |    11 |    70 |       |       |       ||    81
       Unarmed           |       |    12 |       |       |       ||    12
       Headbutt          |       |    18 |    35 |   119 |    54 ||   226
       Hand axe          |       |    41 |   118 |       |       ||   159
       Broad axe         |       |       |   103 |   621 |       ||   724
       Punch             |       |       |       |     4 |       ||     4
       Battleaxe         |       |       |       |    27 |   317 ||   344
 Fire: Hand crossbow     |    78 |   101 |     6 |     7 |    43 ||   235
Invok: Heroism           |       |       |     3 |    11 |     1 ||    15
       Finesse           |       |       |       |     1 |       ||     1
Evoke: Wand              |       |     5 |    32 |   131 |    27 ||   195
       Phantom mirror    |       |       |       |     1 |       ||     1
       Box of beasts     |       |       |       |       |     1 ||     1
  Use: Potion            |       |     4 |     8 |     8 |       ||    20
       Scroll            |       |     3 |    12 |    12 |     4 ||    31
 Stab: Paralysed         |       |       |       |    11 |     3 ||    14
       Confused          |       |       |       |       |     2 ||     2
  Eat: Chunk             |       |     5 |    23 |    53 |    12 ||    93
Armor: Leather armour    |     5 |    40 |    66 |    20 |       ||   131
       Skin              |       |     3 |    34 |    63 |       ||   100
       Ring mail         |       |       |       |   203 |   120 ||   323
Dodge: Dodged            |    22 |   113 |   144 |   333 |   152 ||   764
